[Event "Titled Tuesday Blitz April 12 Late 2022"]
[White "Gatterer, Florian"]
[Black "Kalavannan, Koby"]
[WhiteFideId "811688"]
[BlackFideId "425753"]
[WhiteElo "2218"]
[BlackElo "1927"]
[Result "0-1"]
[Round "10"]
[TimeControl "180+1"]
[Date "2022.04.13"]
[WhiteClock "0:00:03"]
[BlackClock "0:00:17"]

1. b3 d5 2. Nf3 c5 3. Bb2 Nc6 4. e3 Bg4 5. h3 Bh5 6. Bb5 f6 7. g4 Bf7 8. Bxc6+ bxc6 9. d3 e5 10. c4 Bd6 11. Nbd2 Ne7 12. Qc2 a5 13. a4 Qb6 14. e4 Ng6 15. Ng1 h5 16. f3 Nf4 17. O-O-O hxg4 18. fxg4 Kd7 19. g5 Rab8 20. Kb1 Be6 21. Ka2 Qd8 22. Ngf3 d4 23. h4 Ng2 24. Rdg1 Ne3 25. Qc1 Qe7 26. Nf1 Nxf1 27. Rxf1 Qd8 28. Qd1 Kc7 29. Nd2 Kb7 30. Qf3 Be7 31. gxf6 gxf6 32. h5 Qg8 33. Rfg1 Qf7 34. h6 Rh7 35. Ba3 Rbh8 36. Nf1 Rxh6 37. Ng3 Rxh1 38. Rxh1 Rxh1 39. Qxh1 Qg6 40. Qf3 Bg4 41. Qf2 Kb6 42. Nf5 Bf8 43. Bb2 Qh5 44. Bc1 Qh3 45. Bd2 Qxd3 46. Qe1 Qc2+ 47. Ka3 Bd1 48. Bxa5+ Ka6 49. Qg3 d3 0-1


[Site "https://www.chess.com"]

[Event "Titled Tuesday Blitz April 12 Late 2022"]
[White "Gracia Alvarez, Gerardo Antonio"]
[Black "Romero Ruscalleda, Josep"]
[WhiteFideId "5109124"]
[BlackFideId "2231859"]
[WhiteElo "2139"]
[BlackElo "2320"]
[Result "0-1"]
[Round "10"]
[TimeControl "180+1"]
[Date "2022.04.13"]
[WhiteClock "0:00:24"]
[BlackClock "0:00:24"]

1. e4 g6 2. d4 Bg7 3. Nc3 d6 4. f4 a6 5. Nf3 b5 6. e5 Nh6 7. Bd3 O-O 8. O-O Bb7 9. Be4 Bxe4 10. Nxe4 e6 11. c3 Qe7 12. h3 Nd7 13. Be3 d5 14. Ned2 c5 15. Bf2 Rac8 16. Bh4 f6 17. g4 Nf7 18. Re1 g5 19. exf6 Bxf6 20. Bg3 gxf4 21. Bxf4 Ng5 22. Kg2 Nxf3 23. Nxf3 cxd4 24. cxd4 Bh4 25. Nxh4 Rxf4 26. Nf5 Qg5 27. Rxe6 Rxf5 28. Qe2 Rcf8 29. Re8 Rxe8 30. Qxe8+ Nf8 31. Re1 Rf7 32. Re2 Qf4 33. Qe5 Qf1+ 34. Kg3 Rf3+ 35. Kh4 Ng6+ 0-1


[Site "https://www.chess.com"]

[Event "Titled Tuesday Blitz April 12 Late 2022"]
[White "Grave, Jacob Templen"]
[Black "Mikhalsky, Vladimir"]
[WhiteFideId "1542656"]
[BlackFideId "14144352"]
[WhiteElo "1737"]
[BlackElo "2301"]
[Result "1-0"]
[Round "10"]
[TimeControl "180+1"]
[Date "2022.04.13"]
[WhiteClock "0:00:41"]
[BlackClock "0:00:43"]

1. b3 e5 2. Bb2 Nc6 3. e3 d5 4. Bb5 Bd6 5. f4 Qe7 6. Nf3 Bg4 7. h3 Bxf3 8. Qxf3 Nf6 9. fxe5 Bxe5 10. Nc3 Ne4 11. O-O-O Bxc3 12. Bxc3 Nxc3 13. dxc3 a6 14. Bxc6+ bxc6 15. Rhe1 O-O 16. e4 Qa3+ 17. Kb1 a5 18. exd5 a4 19. b4 c5 20. Re4 Rab8 21. Ka1 cxb4 22. cxb4 Qxf3 23. gxf3 Rfe8 24. Rde1 Rxe4 25. Rxe4 f5 26. Rc4 Rb5 27. Kb2 Rxd5 28. Rxc7 Rd4 29. c4 Rf4 30. b5 Rxf3 31. b6 a3+ 32. Kc2 Rf2+ 33. Kc3 Rb2 34. b7 Kf8 35. Rc8+ Ke7 36. b8=Q Rxb8 37. Rxb8 1-0


[Site "https://www.chess.com"]

[Event "Titled Tuesday Blitz April 12 Late 2022"]
[White "Hoffmann, Asa"]
[Black "Kanyamarala, Trisha"]
[WhiteFideId "2001470"]
[BlackFideId "45004722"]
[WhiteElo "2117"]
[BlackElo "2079"]
[Result "1-0"]
[Round "10"]
[TimeControl "180+1"]
[Date "2022.04.13"]
[WhiteClock "0:00:50"]
[BlackClock "0:00:03"]

1. d4 Nf6 2. Bg5 d5 3. Nd2 h6 4. Bh4 Nbd7 5. e3 e6 6. Bd3 c5 7. c3 Be7 8. f4 Qc7 9. Ngf3 Ng4 10. Bxe7 Kxe7 11. Qe2 b6 12. O-O Bb7 13. h3 Ngf6 14. Ne5 Ne4 15. Bxe4 dxe4 16. Qh5 g6 17. Qh4+ Kf8 18. Rf2 Kg7 19. Raf1 Nf6 20. Ng4 Qd8 21. Nxf6 Qxf6 22. Qg3 Kh7 23. Re1 Rac8 24. b3 Rhd8 25. Nc4 cxd4 26. cxd4 Qf5 27. Ne5 f6 28. Ng4 h5 29. Nh2 Rc3 30. Qh4 Kg7 31. g4 Qa5 32. f5 exf5 33. gxf5 Rc6 34. Rg2 Qxf5 35. Rf1 Qb5 36. Qxe4 f5 37. Qe7+ Kh6 38. Qxb7 Rc2 39. Qf3 Qd3 40. Qf4+ Kh7 41. Nf3 Rxg2+ 42. Kxg2 Qe2+ 43. Rf2 Qd3 44. Ne5 Qe4+ 45. Qxe4 fxe4 46. Rf4 Rc8 47. Rxe4 Rc2+ 48. Kf3 Rxa2 49. d5 Rb2 50. d6 Rd2 51. Rd4 1-0


[Site "https://www.chess.com"]

[Event "Titled Tuesday Blitz April 12 Late 2022"]
[White "Horcajuelo Rocamora, Martin"]
[Black "Novikova, Galina"]
[WhiteFideId "24573027"]
[BlackFideId "4157095"]
[WhiteElo "1822"]
[BlackElo "1863"]
[Result "0-1"]
[Round "10"]
[TimeControl "180+1"]
[Date "2022.04.13"]
[WhiteClock "0:00:48"]
[BlackClock "0:01:24"]

1. e4 e6 2. d4 d5 3. exd5 exd5 4. Bd3 Nc6 5. Nf3 Bg4 6. c3 f6 7. O-O Qd7 8. Bf4 O-O-O 9. Nbd2 g5 10. Bg3 h5 11. h3 Be6 12. Re1 g4 13. hxg4 hxg4 14. Nh4 Bd6 15. Qc2 Kb8 16. Bf5 Bxf5 17. Qxf5 Bxg3 18. Qxd7 Bxf2+ 19. Kxf2 Rxd7 20. Ng6 Rh6 21. Nf4 Nge7 22. Nb3 b6 23. Re6 Kb7 24. Rae1 a5 25. Nd2 Ng6 26. Nd3 Rf7 27. a3 f5 28. b4 axb4 29. axb4 f4 30. b5 g3+ 31. Ke2 Na5 32. Nf3 Nc4 33. Kd1 Ne3+ 34. R1xe3 fxe3 35. Rxe3 Re7 36. Nfe5 Rh1+ 37. Kd2 Nxe5 38. Nxe5 Rg7 39. Kc2 Rh2 40. Re2 Rg8 41. Kd3 Rf8 42. Nf3 Rxf3+ 43. gxf3 g2 0-1


[Site "https://www.chess.com"]

[Event "Titled Tuesday Blitz April 12 Late 2022"]
[White "Indjic, Aleksandar"]
[Black "Santos Ruiz, Miguel"]
[WhiteFideId "911925"]
[BlackFideId "22291482"]
[WhiteElo "2616"]
[BlackElo "2486"]
[Result "1-0"]
[Round "10"]
[TimeControl "180+1"]
[Date "2022.04.12"]
[WhiteClock "0:01:24"]
[BlackClock "0:00:49"]

1. e4 e5 2. Nf3 Nc6 3. Bb5 Nf6 4. d3 Bc5 5. Bxc6 dxc6 6. Nc3 Qe7 7. h3 a5 8. Be3 b6 9. Bxc5 Qxc5 10. Qd2 h6 11. g4 Nd7 12. a3 Qe7 13. Ne2 Bb7 14. Ng3 c5 15. Qe3 O-O-O 16. O-O-O Qe6 17. Kb1 g6 18. Nd2 g5 19. Nf5 Nf8 20. h4 Ng6 21. hxg5 hxg5 22. Rxh8 Rxh8 23. Qxg5 Nf4 24. Nc4 Ba6 25. Nxe5 Nh3 26. Qg7 Re8 27. Nxf7 Nxf2 28. Rd2 Nxe4 29. dxe4 Qxe4 30. N7d6+ Kd8 31. Nxe4+ Kc8 32. Qd7+ Kb8 33. Qxe8+ Bc8 34. Rd8 Ka8 35. Rxc8+ Ka7 36. a4 Kb7 37. Ne7 Ka7 38. Nc3 Kb7 39. Rb8+ Ka7 40. Nb5+ Ka6 41. Qc8# 1-0


[Site "https://www.chess.com"]

[Event "Titled Tuesday Blitz April 12 Late 2022"]
[White "Iskusnyh, Sergei"]
[Black "Pakleza, Zbigniew"]
[WhiteFideId "4120027"]
[BlackFideId "1119290"]
[WhiteElo "2492"]
[BlackElo "2467"]
[Result "0-1"]
[Round "10"]
[TimeControl "180+1"]
[Date "2022.04.12"]
[WhiteClock "0:00:11"]
[BlackClock "0:00:09"]

1. d4 d5 2. c4 c6 3. Nf3 Nf6 4. Qb3 Qb6 5. Nc3 Bf5 6. g3 e6 7. Bg2 Nbd7 8. O-O Be7 9. Nh4 Qxb3 10. axb3 Bc2 11. cxd5 Nxd5 12. e4 Nb4 13. d5 Bxb3 14. dxe6 Bxe6 15. Nf5 Bxf5 16. exf5 O-O 17. Rd1 Nc5 18. Bf1 Nb3 19. Rb1 Nxc1 20. Rbxc1 Rfd8 21. Ne4 Kf8 22. h4 Rxd1 23. Rxd1 Rd8 24. Ra1 a6 25. Kg2 Nd3 26. b3 Nc5 27. Nxc5 Bxc5 28. Ra2 Rd5 29. f6 gxf6 30. Bc4 Rd4 31. Rc2 Bb4 32. Be2 h6 33. Rc4 Rxc4 34. Bxc4 b5 35. Be2 Ke7 36. Kf3 Kd6 37. Ke4 Be1 38. f3 Bxg3 39. h5 Kc5 40. Kd3 Be5 41. Bf1 a5 42. Bh3 a4 43. bxa4 bxa4 44. Kc2 a3 45. Kb3 Bb2 46. Bd7 Kd5 47. Be8 c5 48. Bxf7+ Kd4 49. Bc4 a2 50. Kxa2 Kxc4 51. Kxb2 Kd3 52. f4 c4 53. Kc1 f5 54. Kd1 Ke3 55. Kc2 Kxf4 56. Kc3 Kg3 57. Kxc4 f4 0-1


[Site "https://www.chess.com"]

[Event "Titled Tuesday Blitz April 12 Late 2022"]
[White "Janaszak, Dawid"]
[Black "Miszler, Levente"]
[WhiteFideId "1119206"]
[BlackFideId "763276"]
[WhiteElo "2199"]
[BlackElo "1966"]
[Result "1-0"]
[Round "10"]
[TimeControl "180+1"]
[Date "2022.04.12"]
[WhiteClock "0:00:27"]
[BlackClock "0:00:01"]

1. e4 e6 2. b3 d5 3. Bb2 Nf6 4. d3 dxe4 5. Nd2 exd3 6. Bxd3 c5 7. Qe2 Nc6 8. Ngf3 Be7 9. O-O-O O-O 10. Ne4 Nxe4 11. Qxe4 g6 12. h4 Bf6 13. c3 Qa5 14. h5 e5 15. hxg6 hxg6 16. Qe3 Bg7 17. Ng5 Qxa2 18. Qe4 Bf5 19. Qh4 Rfd8 20. Bxf5 gxf5 21. Qh7+ Kf8 22. Qxf5 Qxb3 23. Nh7+ Kg8 24. Nf6+ Kf8 25. Nd7+ Ke8 26. Nf6+ Kf8 27. Rd7 Qe6 28. Nh7+ Kg8 29. Qxe6 fxe6 30. Rxb7 Rab8 31. Rc7 Rdc8 32. Rxc8+ Rxc8 33. Ng5 Rf8 34. f3 Rf6 35. Ne4 Rf7 36. Nxc5 Re7 37. Ba3 Kf7 38. Ne4 Rd7 39. Kc2 Nd8 40. Rb1 1-0


[Site "https://www.chess.com"]

[Event "Titled Tuesday Blitz April 12 Late 2022"]
[White "Janturin, Artur"]
[Black "Simonovic, Miroslav"]
[WhiteFideId "4130022"]
[BlackFideId "919152"]
[WhiteElo "2371"]
[BlackElo "2043"]
[Result "0-1"]
[Round "10"]
[TimeControl "180+1"]
[Date "2022.04.13"]
[WhiteClock "0:02:11"]
[BlackClock "0:01:41"]

1. b3 c5 2. Bb2 Nc6 3. e3 d6 4. Nf3 e5 5. d4 cxd4 6. exd4 e4 7. d5 exf3 8. dxc6 Qe7+ 9. Kd2 Qg5+ 10. Ke1 fxg2 11. Qe2+ Be7 12. cxb7 gxh1=Q 13. Qb5+ Bd7 14. b8=Q+ Rxb8 15. Qxb8+ Bd8 16. Nc3 Nf6 17. Qxd6 0-1


[Site "https://www.chess.com"]

[Event "Titled Tuesday Blitz April 12 Late 2022"]
[White "Kamsky, Gata"]
[Black "Andreikin, Dmitry"]
[WhiteFideId "2000024"]
[BlackFideId "4158814"]
[WhiteElo "2645"]
[BlackElo "2736"]
[Result "0-1"]
[Round "10"]
[TimeControl "180+1"]
[Date "2022.04.12"]
[WhiteClock "0:00:03"]
[BlackClock "0:00:10"]

1. d4 Nf6 2. Nf3 c5 3. d5 b5 4. c4 Bb7 5. Nc3 b4 6. Na4 e6 7. Bg5 exd5 8. cxd5 d6 9. Bxf6 Qxf6 10. e4 Nd7 11. Bb5 Rd8 12. O-O Be7 13. b3 O-O 14. Re1 Ne5 15. Nxe5 Qxe5 16. Rb1 Bf6 17. Nb2 Qg5 18. Nc4 Bd4 19. Qd2 Qxd2 20. Nxd2 f5 21. Bc4 fxe4 22. Nxe4 h6 23. g3 Bc8 24. Kg2 Bg4 25. f4 Rfe8 26. h3 Bf5 27. Bd3 Kf8 28. g4 Bh7 29. Kf3 Re7 30. Re2 a5 31. Rbe1 Bg8 32. Bc4 Bf7 33. Ng3 Rxe2 34. Rxe2 g6 35. f5 Be5 36. fxg6 Bxg6 37. Nf5 h5 38. Nh4 Bf7 39. g5 Kg7 40. g6 Bg8 41. Ke4 Rf8 42. Nf5+ Kxg6 43. Ne7+ Kh7 44. Nxg8 Rf4+ 45. Ke3 Kxg8 46. Rg2+ Kf7 47. Ke2 a4 48. Rf2 Rxf2+ 49. Kxf2 a3 50. Kf3 Kf6 51. Ke4 Kg5 52. Kf3 Bc3 53. Bd3 Kh4 54. Kg2 Bd4 55. Be2 Kg5 56. Kf3 Kf5 57. Bd3+ Ke5 58. Bc4 Bg1 59. Ke2 Kf4 60. Bd3 Ke5 61. Bc4 Kd4 62. Kd2 Be3+ 63. Ke2 Bg5 64. Kf3 Kc3 65. Ke2 Kc2 66. Bd3+ Kb2 67. Kd1 Kc3 68. Bc4 h4 69. Ke2 Kc2 70. Bd3+ Kc1 71. Bc4 Kb1 72. Kd1 Kb2 73. Bd3 Bf4 74. Bc4 Kc3 75. Ke2 Kd4 76. Kf3 Bg5 77. Ke2 Ke4 78. Kf2 Bf4 79. Ke2 Be3 80. Kf1 Kf3 81. Bd3 Bd4 82. Ke1 Ke3 83. Bc4 Bc3+ 84. Kd1 Kf3 85. Bd3 Kg3 86. Bf5 Kf4 87. Be6 Ke3 88. Kc2 Ke2 89. Bg4+ Ke3 90. Bf5 Kd4 91. Be6 c4 92. bxc4 Kxc4 93. Bf7 b3+ 94. axb3+ Kb4 0-1


[Site "https://www.chess.com"]

[Event "Titled Tuesday Blitz April 12 Late 2022"]
[White "Kanyamarala, Tarun"]
[Black "De Souza, Cristiano Gomes"]
[WhiteFideId "45004714"]
[BlackFideId "2151758"]
[WhiteElo "2177"]
[BlackElo "2068"]
[Result "1-0"]
[Round "10"]
[TimeControl "180+1"]
[Date "2022.04.13"]
[WhiteClock "0:00:10"]
[BlackClock "0:01:07"]

1. d4 Nf6 2. c4 g6 3. g3 Bg7 4. Bg2 O-O 5. Nc3 d6 6. Nf3 Nc6 7. O-O Bf5 8. d5 Na5 9. Nd4 Bd7 10. Qd3 c5 11. dxc6 Nxc6 12. b3 Rc8 13. Bb2 Nxd4 14. Qxd4 Ng4 15. Qxa7 Ne5 16. Rad1 Ra8 17. Qe3 Rb8 18. Qd2 b5 19. Nxb5 Bxb5 20. cxb5 Rxb5 21. h3 Qb6 22. Kh2 h5 23. Bd4 Qa5 24. Qxa5 Rxa5 25. a4 Rb8 26. Rb1 Nf3+ 27. Bxf3 Bxd4 28. Bc6 Rc5 29. Bb5 Rc2 30. Kg1 Kg7 31. Rfc1 Rbc8 32. Rxc2 Rxc2 33. a5 Ra2 34. b4 Bc3 35. Bc4 Ra3 36. a6 e6 37. b5 d5 38. Bd3 e5 39. e3 e4 40. Bf1 d4 41. b6 dxe3 42. b7 exf2+ 43. Kxf2 Bd4+ 44. Kg2 Be5 45. b8=Q Rxg3+ 46. Kf2 Bxb8 47. Rxb8 Ra3 48. Rb7 Kh6 49. h4 f5 50. a7 f4 51. Bc4 g5 52. Rb6+ Kg7 53. Ra6 Rxa6 54. Bxa6 gxh4 55. a8=Q Kf6 56. Qxe4 Kg5 57. Kf3 h3 58. Qxf4+ Kg6 59. Bd3+ Kg7 60. Qg5+ Kf7 61. Bc4+ Ke8 62. Qg7 h2 63. Bb5+ Kd8 64. Qd7# 1-0


[Site "https://www.chess.com"]

[Event "Titled Tuesday Blitz April 12 Late 2022"]
[White "Khamzin, Olzhas"]
[Black "Bas Mas, Jose Joaquin"]
[WhiteFideId "13701690"]
[BlackFideId "22219064"]
[WhiteElo "2155"]
[BlackElo "2212"]
[Result "0-1"]
[Round "10"]
[TimeControl "180+1"]
[Date "2022.04.13"]
[WhiteClock "0:00:02"]
[BlackClock "0:00:47"]

1. c4 Nf6 2. Nc3 e6 3. d4 c5 4. d5 exd5 5. cxd5 d6 6. e4 g6 7. Bb5+ Bd7 8. Bd3 Bg7 9. Nf3 O-O 10. h3 Re8 11. O-O a6 12. a4 c4 13. Bc2 Qc7 14. Be3 Bc8 15. e5 dxe5 16. d6 Qd8 17. a5 Nc6 18. Bb6 Qd7 19. Bc7 e4 20. Ng5 Qf5 21. Ngxe4 Nxe4 22. Nxe4 Rxe4 23. Bxe4 Qxe4 24. d7 Bxd7 25. Qxd7 Bxb2 26. Rae1 Qf5 27. Qxf5 gxf5 28. Re2 c3 29. Rb1 Rc8 30. Bb6 f6 31. Rexb2 cxb2 32. Rxb2 Re8 33. Rd2 Re7 34. Rd6 Kf7 35. g3 Ne5 36. Rd5 Rd7 37. Rc5 Nc6 38. Kg2 Ke6 39. Rc3 Rd5 40. Re3+ Re5 41. Ra3 h5 42. Ra4 Re4 43. Ra3 Kd5 44. Ra2 Kc4 45. Rd2 Re7 46. Rd6 Rf7 0-1


[Site "https://www.chess.com"]

[Event "Titled Tuesday Blitz April 12 Late 2022"]
[White "Koelle, Tobias"]
[Black "Zhigalko, Sergei"]
[WhiteFideId "16207378"]
[BlackFideId "13502956"]
[WhiteElo "2541"]
[BlackElo "2662"]
[Result "0-1"]
[Round "10"]
[TimeControl "180+1"]
[Date "2022.04.12"]
[WhiteClock "0:00:01"]
[BlackClock "0:00:04"]

1. Nf3 d5 2. e3 Nf6 3. c4 e6 4. Nc3 b6 5. cxd5 exd5 6. g3 Bd6 7. Bg2 O-O 8. O-O Ba6 9. d3 Re8 10. Nh4 c6 11. Re1 Nbd7 12. d4 Ne4 13. Nf5 Bf8 14. Qg4 g6 15. Nh4 Ndf6 16. Qd1 Bb4 17. Qc2 Rc8 18. a3 Bf8 19. Nf3 Ng4 20. Nxe4 dxe4 21. Nd2 Bd3 22. Qc3 c5 23. Nb3 Bg7 24. Qd2 cxd4 25. exd4 Rc2 26. Qg5 Bxd4 27. Qxg4 Bxf2+ 28. Kh1 Bxe1 29. Bg5 f6 30. Rxe1 fxg5 31. Nc1 Rxb2 32. Nxd3 exd3 33. Qc4+ Kf8 34. Rf1+ Kg7 35. Qc3+ Kh6 36. Qxb2 d2 37. Qb1 Re2 38. Qd1 Qe7 39. h3 Qe3 40. Kh2 Re1 41. Qb3 Qxb3 0-1


[Site "https://www.chess.com"]

[Event "Titled Tuesday Blitz April 12 Late 2022"]
[White "Korchmar, Vasiliy"]
[Black "Xiong, Jeffery"]
[WhiteFideId "24131750"]
[BlackFideId "2047640"]
[WhiteElo "2370"]
[BlackElo "2727"]
[Result "0-1"]
[Round "10"]
[TimeControl "180+1"]
[Date "2022.04.12"]
[WhiteClock "0:00:01"]
[BlackClock "0:00:20"]

1. d4 g6 2. e4 Bg7 3. Nc3 a6 4. f4 b5 5. Nf3 Bb7 6. Bd3 d6 7. a4 b4 8. Ne2 Nd7 9. a5 c5 10. c3 Ngf6 11. e5 Nd5 12. Bd2 O-O 13. O-O e6 14. Qe1 bxc3 15. bxc3 Rb8 16. Kh1 Ne7 17. Qh4 Nf5 18. Qh3 dxe5 19. fxe5 Bxf3 20. Qxf3 cxd4 21. cxd4 Nxd4 22. Nxd4 Nxe5 23. Qe3 Nxd3 24. Nc6 Qd6 25. Nxb8 Bxa1 26. Nxa6 Be5 27. Nb4 Nc5 28. a6 Nxa6 29. Nxa6 Qxa6 30. Qf3 Qd6 31. Bc1 Qd5 32. Qf2 Bd4 33. Qf4 Qf5 34. Ba3 Qxf4 35. Rxf4 Ra8 36. Rxd4 Rxa3 0-1


[Site "https://www.chess.com"]

[Event "Titled Tuesday Blitz April 12 Late 2022"]
[White "Kosteniuk, Alexandra"]
[Black "Demchenko, Anton"]
[WhiteFideId "4128125"]
[BlackFideId "4160258"]
[WhiteElo "2469"]
[BlackElo "2539"]
[Result "1/2-1/2"]
[Round "10"]
[TimeControl "180+1"]
[Date "2022.04.12"]
[WhiteClock "0:00:08"]
[BlackClock "0:00:04"]

1. e4 e5 2. Nf3 Nc6 3. Bc4 a6 4. c3 b5 5. Bd5 Nf6 6. O-O Bb7 7. d4 exd4 8. Nxd4 Nxd5 9. exd5 Nxd4 10. Qxd4 Qf6 11. Re1+ Kd8 12. Qd3 Bc5 13. Be3 Re8 14. Nd2 Bxe3 15. fxe3 c6 16. a4 Qg6 17. Qd4 Kc7 18. axb5 axb5 19. Rxa8 Rxa8 20. Ne4 cxd5 21. Nc5 Bc6 22. Rf1 f6 23. Qf4+ Kc8 24. g3 Ra2 25. Qf2 Qg5 26. Nd3 h5 27. Nb4 Ra8 28. Qf4 Kb7 29. Qxg5 fxg5 30. Rf7 Ra1+ 31. Kf2 Rb1 32. Nd3 b4 33. cxb4 Bb5 34. Nc5+ Kc6 35. Nxd7 Rxb2+ 36. Kg1 Rb1+ 37. Kg2 Rb2+ 38. Kg1 Rxb4 39. Rxg7 Kd6 40. Nf6 Rb1+ 41. Kg2 Rb2+ 42. Kg1 Rb1+ 43. Kg2 Rb2+ 44. Kg1 Rb1+ 1/2-1/2


[Site "https://www.chess.com"]

[Event "Titled Tuesday Blitz April 12 Late 2022"]
[White "Leitao, Rafael"]
[Black "Sernecki, Franciszek"]
[WhiteFideId "2101246"]
[BlackFideId "1169297"]
[WhiteElo "2609"]
[BlackElo "2165"]
[Result "0-1"]
[Round "10"]
[TimeControl "180+1"]
[Date "2022.04.12"]
[WhiteClock "0:00:02"]
[BlackClock "0:00:04"]

1. e4 e6 2. d4 d5 3. Nd2 Nc6 4. Ngf3 Nf6 5. e5 Nd7 6. c3 f6 7. exf6 Qxf6 8. Bb5 Bd6 9. O-O O-O 10. Nb3 e5 11. dxe5 Ndxe5 12. Nxe5 Nxe5 13. f4 Ng4 14. h3 Nh6 15. Qxd5+ Kh8 16. Qg5 Qe6 17. Nd4 Qe4 18. Bd2 Be7 19. Qh5 Bf6 20. Rae1 Bxd4+ 21. cxd4 Qxd4+ 22. Be3 Qxb2 23. Rb1 Qf6 24. g4 Qg6 25. Qxg6 hxg6 26. Bc5 Rd8 27. Rfe1 c6 28. Bc4 b6 29. Be7 Re8 30. Rbd1 Ng8 31. Bg5 Bd7 32. Rxe8 Bxe8 33. Kf2 c5 34. Rd6 b5 35. Bd5 Rc8 36. Be6 Rb8 37. Ke3 Nf6 38. Bb3 c4 39. Bc2 b4 40. Bxf6 gxf6 41. Rxf6 b3 42. axb3 cxb3 43. Bb1 a5 44. Kd2 a4 45. Ra6 Rd8+ 46. Kc3 Rc8+ 47. Kb2 Rd8 48. f5 Rd2+ 49. Kc3 Rd1 50. Bd3 Rc1+ 51. Kd2 Ra1 52. Ra8 Kg7 53. Rxe8 a3 54. Ra8 a2 55. Kc3 Rc1+ 56. Kb2 Rd1 57. Bc4 Rb1+ 58. Kc3 a1=Q+ 59. Rxa1 Rxa1 60. fxg6 Rh1 61. Kxb3 Rxh3+ 62. Kb4 Rg3 63. Bf7 Rxg4+ 64. Kc5 Rxg6 65. Kd4 Kxf7 0-1


[Site "https://www.chess.com"]

[Event "Titled Tuesday Blitz April 12 Late 2022"]
[White "Levin, Anthony"]
[Black "Lalanne, Pablo"]
[WhiteFideId "30940680"]
[BlackFideId "112151"]
[WhiteElo "2095"]
[BlackElo "2120"]
[Result "1-0"]
[Round "10"]
[TimeControl "180+1"]
[Date "2022.04.13"]
[WhiteClock "0:00:08"]
[BlackClock "0:00:03"]

1. d4 d5 2. c4 e6 3. Nf3 c5 4. cxd5 exd5 5. Nc3 Nc6 6. dxc5 d4 7. Na4 Nf6 8. a3 Bf5 9. g3 b5 10. cxb6 axb6 11. Bg2 b5 12. Ng5 Rc8 13. Qb3 Bg6 14. O-O bxa4 15. Qxa4 Qd7 16. Bf4 h6 17. Rac1 Nd5 18. Bxd5 Qxd5 19. Nf3 Bf5 20. Rfd1 Be7 21. Nxd4 Bd7 22. Nxc6 Bxc6 23. Rxd5 Bxa4 24. Rxc8+ Bd8 25. Rcxd8+ Ke7 1-0


[Site "https://www.chess.com"]

[Event "Titled Tuesday Blitz April 12 Late 2022"]
[White "Lewtak, Damian"]
[Black "Mickiewicz, Piotr"]
[WhiteFideId "1141724"]
[BlackFideId "1114891"]
[WhiteElo "2362"]
[BlackElo "2266"]
[Result "0-1"]
[Round "10"]
[TimeControl "180+1"]
[Date "2022.04.13"]
[WhiteClock "0:00:15"]
[BlackClock "0:00:01"]

1. d4 Nf6 2. Nf3 e6 3. c3 b6 4. Bg5 Bb7 5. Nbd2 Be7 6. e3 d6 7. Bd3 Nbd7 8. O-O h6 9. Bh4 Nh5 10. Bxe7 Qxe7 11. Re1 O-O 12. Ne5 Nhf6 13. Nxd7 Nxd7 14. a4 a6 15. a5 b5 16. Qc2 c5 17. b4 cxb4 18. cxb4 Rfc8 19. Qb1 Rc3 20. Be4 d5 21. Bf3 Rac8 22. Ra2 Nf6 23. Rb2 Qc7 24. g3 Qd6 25. Nb3 Ne4 26. Bxe4 dxe4 27. Nc5 Ba8 28. Rc1 Rxc1+ 29. Qxc1 Bd5 30. Rc2 Rc6 31. Qb1 f5 32. Nb7 Qc7 33. Rxc6 Qxc6 34. Nc5 Bc4 35. Qd1 Bd5 36. Qh5 Kh7 37. Qf7 Qd6 38. Nd7 Kh8 39. Qe8+ Kh7 40. Nf8+ Kg8 41. Nxe6+ Kh7 42. Nc5 Bc4 43. Qe5 Qg6 44. Qf4 Qh5 45. g4 Qh4 46. gxf5 Qh3 47. Qxh6+ Kxh6 48. Nd3 Bxd3 49. f3 Qf1# 0-1


[Site "https://www.chess.com"]

[Event "Titled Tuesday Blitz April 12 Late 2022"]
[White "Lin, Dachey"]
[Black "Molenda, Marcin"]
[WhiteFideId "2029650"]
[BlackFideId "1173065"]
[WhiteElo "2313"]
[BlackElo "2067"]
[Result "0-1"]
[Round "10"]
[TimeControl "180+1"]
[Date "2022.04.12"]
[WhiteClock "0:00:08"]
[BlackClock "0:01:18"]

1. g4 e5 2. d4 exd4 3. Qxd4 Nc6 4. Qe4+ Nge7 5. h3 d5 6. Qa4 Bd7 7. Bg2 Ng6 8. Nf3 Bc5 9. c3 O-O 10. O-O Nd4 11. Qd1 Nxf3+ 12. exf3 c6 13. Nd2 f5 14. Nb3 Bd6 15. Re1 Qh4 16. Be3 fxg4 17. fxg4 Nf4 18. Bxf4 Rxf4 19. Re2 Raf8 20. Qd2 Bxg4 21. hxg4 Rxg4 22. f4 Bxf4 23. Qxf4 Rgxf4 24. Nd4 Rf2 25. Re3 Qg4 0-1


[Site "https://www.chess.com"]

[Event "Titled Tuesday Blitz April 12 Late 2022"]
[White "Maksimovic, Bojan"]
[Black "Martinez Reyes, Pedro Ramon"]
[WhiteFideId "14408120"]
[BlackFideId "3901807"]
[WhiteElo "2448"]
[BlackElo "2410"]
[Result "0-1"]
[Round "10"]
[TimeControl "180+1"]
[Date "2022.04.12"]
[WhiteClock "0:00:02"]
[BlackClock "0:00:56"]

1. e4 d6 2. Nf3 g6 3. d4 Bg7 4. c3 Nf6 5. Bd3 O-O 6. O-O Nc6 7. Re1 e5 8. h3 Re8 9. Na3 a6 10. Nc2 d5 11. exd5 Qxd5 12. c4 Qd6 13. d5 e4 14. dxc6 exd3 15. Rxe8+ Nxe8 16. cxb7 Bxb7 17. Nce1 Rd8 18. Rb1 Be4 19. Bd2 h6 20. b3 Qa3 21. Be3 d2 22. Nxd2 Bxb1 23. Qxb1 Nd6 24. Nc2 Qb2 25. Qxb2 Bxb2 26. g4 Bc1 27. Nf3 Bxe3 28. Nxe3 Ne4 29. Nd5 c6 30. Ne7+ Kg7 31. Nxc6 Rd1+ 32. Kg2 Ra1 33. a4 Nc5 34. Nfd4 Rb1 35. Na5 Kf6 36. Kf3 Ke5 37. Ke3 g5 38. Nac6+ Kd6 39. Na5 Rh1 40. Nf5+ Ke5 41. Nc6+ Ke6 42. Ncd4+ Kd7 43. b4 Nxa4 44. c5 Rxh3+ 45. f3 Rh1 46. Ke4 Rc1 47. Kd5 Nc3+ 48. Ke5 Nb5 49. Nxb5 axb5 50. Nxh6 Rc4 51. Nxf7 Rxb4 52. Nxg5 Rb3 53. f4 b4 54. Kd4 Rb1 55. Ne4 b3 56. Nd2 Rd1 57. Kc3 b2 58. Kc2 Rxd2+ 59. Kxd2 0-1


[Site "https://www.chess.com"]

[Event "Titled Tuesday Blitz April 12 Late 2022"]
[White "Matlakov, Maxim"]
[Black "Xu, Yi"]
[WhiteFideId "4168003"]
[BlackFideId "8605564"]
[WhiteElo "2669"]
[BlackElo "2471"]
[Result "1-0"]
[Round "10"]
[TimeControl "180+1"]
[Date "2022.04.12"]
[WhiteClock "0:02:11"]
[BlackClock "0:01:14"]

1. b3 b6 2. Bb2 Bb7 3. Nf3 Nf6 4. g3 e6 5. Bg2 Be7 6. O-O O-O 7. c4 d5 8. cxd5 exd5 9. d4 Nbd7 10. Nc3 a6 11. Rc1 Bd6 12. e3 Qe7 13. Rc2 Ne4 14. Ne2 g6 15. Nf4 Rfe8 16. Nd3 Rac8 17. Nfe5 Nxe5 18. dxe5 Ba3 19. Ba1 c6 20. f3 Nc5 21. f4 Nxd3 22. Qxd3 f5 23. g4 Rf8 24. gxf5 gxf5 25. Bh3 Qe6 26. Rg2+ Kh8 27. Bxf5 Rxf5 28. Qxf5 1-0


[Site "https://www.chess.com"]

[Event "Titled Tuesday Blitz April 12 Late 2022"]
[White "Migot, Tangi"]
[Black "Karttunen, Mika"]
[WhiteFideId "662445"]
[BlackFideId "502081"]
[WhiteElo "2528"]
[BlackElo "2343"]
[Result "0-1"]
[Round "10"]
[TimeControl "180+1"]
[Date "2022.04.12"]
[WhiteClock "0:00:33"]
[BlackClock "0:00:15"]

1. Nf3 f5 2. c4 Nf6 3. Nc3 g6 4. g3 Bg7 5. Bg2 O-O 6. O-O d6 7. d4 c6 8. b4 Kh8 9. b5 Be6 10. bxc6 bxc6 11. Qa4 Nbd7 12. Ng5 Bg8 13. Bxc6 Nb6 14. Qc2 Rc8 15. d5 h6 16. Nf3 Nxc4 17. Rb1 e5 18. Qa4 Nb6 19. Qxa7 Nbxd5 20. Nxd5 Nxd5 21. Bb7 Rc7 22. Qa5 Nc3 23. Rb2 e4 24. Nh4 Kh7 25. Ba6 Nxe2+ 26. Rxe2 Rxc1 27. Qxd8 Rxf1+ 28. Kxf1 Rxd8 29. f3 d5 30. fxe4 dxe4 31. g4 Bf6 32. gxf5 Bxh4 33. fxg6+ Kxg6 34. Rxe4 Bf6 35. a4 Rd2 36. h3 Bd5 37. Rg4+ Kf5 38. Be2 Ra2 39. Bd3+ Ke5 40. Rg6 Rxa4 41. Rxh6 Ra2 42. Rh5+ Kd4 43. Rf5 Be5 44. Be2 Be4 45. Rg5 Bf4 46. Rg4 Ke3 47. Bd1 Ra1 48. Ke1 Bf3 0-1


[Site "https://www.chess.com"]